Cogmind - Beta 17.1 @@@ ROGUE MODE // 2026.09.08 @ 15:34:54 Player: pinbox Result: Destroyed by XU-BUO(R) with Subdweller Machine Gun Performance ------------- Evolutions (0) 0 Regions Visited (2) 400 Robots Destroyed (16) 80 Value Destroyed (481) 481 Prototype IDs (0) 0 Alien Tech Used (0) 0 Bonus (0) 0 TOTAL SCORE: 961 Bonus ------- None Cogmind --------- Core Integrity 0/250 Matter 68/300 Energy 200/200 System Corruption 0% Temperature Cool (0) Movement Rolling (130) Ox2 Location -10/Subcaves Parts ------- > --- POWER (1) -------- Subdweller Power Source > --- PROPULSION (2) --- Subdweller Monowheel Subdweller Monowheel > --- UTILITY (2) ------ High-capacity Storage Unit Weapon Shielding > --- WEAPON (2) ------- Battle Rifle Battle Cannon > --- INVENTORY (20) --- Subdweller Power Source Subdweller Power Source Subdweller Monowheel Disposable Heat Sink Disposable Heat Sink High-capacity Storage Unit Large Matter Pod (0) Scrap Shield Medium Laser Subdweller Laser Subdweller Laser Subdweller Beam Cannon Subdweller Machine Gun Subdweller Machine Gun Scrap Shield Fragment (48) Scrap Shield Fragment (48) Peak State ------------ > --- POWER ------------ Subdweller Power Source > --- PROPULSION ------- Subdweller Monowheel Subdweller Monowheel > --- UTILITY ---------- High-capacity Storage Unit Subdweller Optics > --- WEAPON ----------- Subdweller Machine Gun Slug Cannon > --- INVENTORY -------- Subdweller Power Source Subdweller Power Source Subdweller Power Source Disposable Heat Sink Disposable Heat Sink High-capacity Storage Unit Large Matter Pod Scrap Shield Medium Laser Subdweller Laser Subdweller Laser Subdweller Beam Cannon Battle Rifle Subdweller Machine Gun Battle Cannon Scrap Shield Fragment Scrap Shield Fragment [Rating: 18] Favorites ----------- Power Ion Engine Engine Ion Engine Propulsion Light Treads Treads Light Treads Wheel Subdweller Monowheel Utility High-capacity Storage Unit Device Seismic Detector Storage High-capacity Storage Unit Protection Weapon Shielding Weapon Slug Cannon Energy Gun Medium Laser Ballistic Gun Subdweller Machine Gun Ballistic Cannon Slug Cannon Build | -11 -10 -10 ------- Run | Yrd Mat Sub Slots Evolved . | . . . Power . | . . . Propulsion . | . . . Utility . | . . . Weapon . | . . . Parts Attached 23 | 7 2 14 Power 4 | 1 . 3 Engine 4 | 1 . 3 Core . | . . . Reactor . | . . . Propulsion 4 | 2 . 2 Treads 2 | 2 . . Leg . | . . . Wheel 2 | . . 2 Hover . | . . . Flight . | . . . Utility 9 | 2 2 5 Device 5 | 1 . 4 Storage 3 | 1 2 . Processor . | . . . Hackware . | . . . Protection 1 | . . 1 Artifact . | . . . Weapon 6 | 2 . 4 Energy Gun 1 | 1 . . Energy Cannon . | . . . Ballistic Gun 3 | 1 . 2 Ballistic Cannon 2 | . . 2 Launcher . | . . . Special Weapon . | . . . Impact Weapon . | . . . Slashing Weapon . | . . . Piercing Weapon . | . . . Special Melee Weapon . | . . . Unidentified Prototypes . | . . . Parts Lost 5 | . . 5 Power 1 | . . 1 Propulsion 2 | . . 2 Utility 1 | . . 1 Weapon 1 | . . 1 Highest Loss Streak 2 | . . 2 To Critical Strikes . | . . . Average Backups 10 | . 2 11 Power 2 | . 1 2 Propulsion . | . . . Utility 3 | . 1 4 Weapon 3 | . . 4 Tool/Special . | . . . Unused Backups 13 | . . 13 Power 2 | . . 2 Propulsion 1 | . . 1 Utility 5 | . . 5 Weapon 5 | . . 5 Tool/Special . | . . . Average Slot Usage (%) 99 | . 100 99 Engine 14 | . 14 14 Treads 22 | . 28 21 Wheel 5 | . . 6 Device 13 | . 14 12 Storage 14 | . 14 14 Energy Gun 3 | . 14 1 Ballistic Gun 12 | . 14 12 Ballistic Cannon 12 | . . 14 Peak Build Rating 18 | 7 7 18 Average Rating 12 | 4 7 13 On Entrance 4 | . 7 7 Avg Prop Armor Cover (%) 7 | . . 7 Naked Turns . | . . . Heaviest Build 58 | 15 50 58 Greatest Support 40 | 40 40 40 Greatest Overweight (x) 2 | 2 1 2 Average Overweight (x) 1 | . . 1 Largest Inventory Capacity 20 | 8 20 20 Average Capacity 18 | 7 11 20 Most Carried 20 | 1 4 20 Average Carried 11 | . 2 13 Final Capacity 20 | 8 20 20 Final Carried 17 | 1 4 17 Class Distribution -------------------- 86% | Mutant 13% | Scavenger-Mutant Dominant Class ---------------- Mutant | -10/Materials Mutant | -10/Subcaves Resources | -11 -10 -10 ----------- Run | Yrd Mat Sub Matter Collected 596 | 161 148 287 Remotely . | . . . Salvage Created 404 | 10 164 230 Parts 30 | 1 5 24 Haulers Intercepted . | . . . Recyclers Shooed . | . . . Parts Field Recycled . | . . . Retrieved Matter . | . . . Parts Self-Destructed 1 | . . 1 Prevented . | . . . Parts Restored . | . . . Kills | -11 -10 -10 ------- Run | Yrd Mat Sub Combat Hostiles Destroyed 14 | . 5 9 Guns 10 | . 5 5 Cannons 4 | . . 4 Classes Destroyed 5 | 1 3 1 Tunneler 1 | 1 . . Watcher 1 | . 1 . Swarmer 3 | . 3 . Grunt 2 | . 2 . Subdweller 9 | . . 9 Best Kill Streak 2 | 1 2 2 Combat Bots Only 2 | . 2 2 Max Kills in Single Turn 1 | 1 1 1 Gunslinging . | . . . Exploded . | . . . Melee . | . . . Uniques/NPCs Destroyed . | . . . Combat | -11 -10 -10 -------- Run | Yrd Mat Sub Hostile Shots Fired 104 | . 41 63 Missed 29 | . 13 16 Hits 75 | . 28 47 Projectile 75 | . 28 47 Critical Strikes 2 | . . 2 Damage Taken 1291 | . 256 1035 Core 273 | . 25 248 Absorbed by Shields . | . . . Redirected to Shielding 30 | . . 30 Core Remaining (%) 100 | 100 . . Volleys Fired 68 | 1 16 51 Largest 2 | 2 2 2 Hottest 80 | 70 70 80 Shots Fired 134 | 2 32 100 Gun 88 | 2 32 54 Cannon 46 | . . 46 Launcher . | . . . Special . | . . . Kinetic 109 | 1 16 92 Thermal 25 | 1 16 8 Explosive . | . . . Electromagnetic . | . . . Robot Hit Streak 12 | 2 11 12 Robot Miss Streak 3 | . 2 3 Penetration Max . | . . . Secondary Targets 1 | . 1 . Max Gunslinging Chain 1 | . 1 . Shots Hit Robots 74 | 2 22 50 Core Hits 24 | 1 8 15 Critical Kills 1 | . . 1 Critical Parts Destroyed . | . . . Critical Strikes 7 | . 1 6 Burn 2 | . 1 1 Destroy 4 | . . 4 Blast 1 | . . 1 Melee Attacks . | . . . Impact . | . . . Slashing . | . . . Piercing . | . . . Sneak Attacks . | . . . Combat Hostiles . | . . . Follow-up Attacks . | . . . Damage Inflicted 1404 | 23 268 1113 Guns 765 | 23 268 474 Cannons 639 | . . 639 Explosions . | . . . Melee . | . . . Ramming . | . . . Kinetic 1192 | 10 107 1075 Thermal 212 | 13 161 38 Explosive . | . . . Electromagnetic . | . . . Impact . | . . . Slashing . | . . . Piercing . | . . . Highest Corruption . | . . . Average Corruption . | . . . Corruption Purged . | . . . Corruption Blocked . | . . . Overload Shots . | . . . Overflow Damage . | . . . Projectiles . | . . . Explosions . | . . . Melee . | . . . Knockbacks 8 | . . 8 Impact . | . . . Kinetic 8 | . . 8 Secondary . | . . . Self-Inflicted Damage . | . . . Shots . | . . . Rammed . | . . . Targets Rammed . | . . . Kicked . | . . . Crushed . | . . . Highest Temperature 99 | 9 99 . Average Temperature 37 | 6 39 . Received Heat Transfer 204 | . 84 120 Siege Activations . | . . . Martial Activations . | . . . Shielding Activations . | . . . Robots Disrupted . | . . . Combat Hostiles . | . . . Robots Corrupted . | . . . Combat Hostiles . | . . . Parts Fried . | . . . Impact Corruptions . | . . . Robots Melted . | . . . Combat Hostiles . | . . . Parts Melted 2 | . 1 1 Heat Transferred 777 | 37 555 185 Parts Sabotaged . | . . . Parts Stolen . | . . . Parts Stripped . | . . . Power Chain Reactions . | . . . Alert | -11 -10 -10 ------- Run | Yrd Mat Sub Maximum Alert Level . | . . . Low Security (%) 100 | 100 100 . Level 1 . | . . . Level 2 . | . . . Level 3 . | . . . Level 4 . | . . . Level 5 . | . . . High Security . | . . . Max Security . | . . . Peak Influence 93 | . 93 . Initial . | . . . Average 30 | . 36 . Influence Increases 170 | 5 165 . Destroy 0b10 Robot/C 100 | . 100 . Destroy 0b10 Robot/NC 10 | 5 5 . Destroy Leader 22 | . 22 . Successful Hack 8 | . 8 . Partial Spotted 15 | . 15 . Lose Combat Pursuer 15 | . 15 . Influence Decreases 170 | 5 132 33 Entered New Map 17 | . . 17 Time Decay 153 | 5 132 16 Squads Dispatched 1 | . 1 . Investigation . | . . . Extermination . | . . . Reinforcement 1 | . 1 . Assault . | . . . Garrison . | . . . Intercept . | . . . Searches Triggered . | . . . Construction Impeded . | . . . Haulers Reinforced . | . . . Active Scanning Responses . | . . . Cargo Convoy Interrupts . | . . . Stealth | -11 -10 -10 --------- Run | Yrd Mat Sub Distress Signals . | . . . Communications Jammed . | . . . Distress Signals . | . . . Times Spotted 20 | . 9 11 Peak Tracking Total 4 | . 4 2 Tactical Retreats 1 | . 1 . Traps | -11 -10 -10 ------- Run | Yrd Mat Sub Traps Triggered 1 | . . 1 Indirectly . | . . . Trap Hack Attempts . | . . . Triggered . | . . . Disarmed . | . . . Reprogrammed . | . . . Reused . | . . . Traps Extracted . | . . . Installed . | . . . Triggered . | . . . Machines | -11 -10 -10 ---------- Run | Yrd Mat Sub Machines Disabled . | . . . Max in Single Turn . | . . . Machines Repaired . | . . . Machines Dismantled . | . . . Machines Sabotaged . | . . . Overloaded Fab Kills . | . . . Hacking | -11 -10 -10 --------- Run | Yrd Mat Sub Machines Accessed 4 | . 2 2 Terminals 2 | . 2 . Fabricators . | . . . Repair Stations . | . . . Recycling Units . | . . . Scanalyzers . | . . . Garrison Access . | . . . Total Hacks 12 | . 9 3 Successful 5 | . 2 3 Failed 7 | . 7 . Catastrophic . | . . . Database Lockouts . | . . . Manual 9 | . 9 . Terminals 9 | . 9 . Fabricators . | . . . Repair Stations . | . . . Recycling Units . | . . . Scanalyzers . | . . . Garrison Access . | . . . Terminal Hacks 3 | . . 3 Record 1 | . . 1 Open Door 1 | . . 1 Release Object 1 | . . 1 Fabricator Hacks . | . . . Repair Station Hacks . | . . . Recycling Unit Hacks . | . . . Scanalyzer . | . . . Garrison Access Hacks . | . . . Unauthorized Hacks 2 | . 2 . Terminals 2 | . 2 . Skim 2 | . 2 . Fabricators . | . . . Repair Stations . | . . . Recycling Units . | . . . Scanalyzers . | . . . Garrison Access . | . . . Data Cores Recovered . | . . . Used . | . . . Hacking Detections 2 | . 2 . Full Trace Events . | . . . Feedback Events . | . . . Feedback Blocked . | . . . Robot Schematics Acquired . | . . . Robots Built . | . . . Authchips . | . . . Time . | . . . Total Robot Build Rating . | . . . Part Schematics Acquired . | . . . Parts Built . | . . . Authchips . | . . . Time . | . . . Total Part Build Rating . | . . . Part Studies Acquired . | . . . Parts Repaired . | . . . Time . | . . . Parts Recycled . | . . . Recycled Matter . | . . . Retrieved Matter . | . . . Retrieved Components . | . . . Parts Scanalyzed . | . . . Part Schematics Acquired . | . . . Parts Damaged . | . . . Bothacking | -11 -10 -10 ------------ Run | Yrd Mat Sub Used RIF Installer . | . . . Robots Hacked . | . . . Non-combat . | . . . Combat . | . . . Robot Hacks Applied . | . . . Relay Couplers Released . | . . . Fabnet Peak Effective % . | . . . Robots Rewired . | . . . Allies Hacked . | . . . Hacks Repelled . | . . . Allies | -11 -10 -10 -------- Run | Yrd Mat Sub Total Allies . | . . . Largest Group . | . . . Highest-Rated Group . | . . . Highest-Rated Ally . | . . . Total Orders . | . . . Ally Attacks . | . . . Total Damage . | . . . Kills . | . . . Allies Corrupted . | . . . Allies Melted . | . . . Intel | -11 -10 -10 ------- Run | Yrd Mat Sub Active Infowar (turns) 2103 | 5 345 1753 Optics 576 | . . 576 Terrain 152 | . . 152 Seismic 1375 | 5 345 1025 Robot Analysis Total . | . . . Derelict Logs Recovered 1 | . . 1 Drone Launches . | . . . Drone Recoveries . | . . . Exploration | -11 -10 -10 ------------- Run | Yrd Mat Sub Turns Passed 2338 | 69 345 1924 Spaces Moved 1064 | 37 148 879 Core 8 | 8 . . Treads 696 | 29 148 519 Legs . | . . . Wheels 360 | . . 360 Hover . | . . . Flight . | . . . Fastest Speed 50 | 50 160 130 Average Speed 190 | 148 175 194 Slowest Speed 240 | 160 240 240 Overloaded Moves . | . . . Propulsion Burnouts . | . . . Robots Hopped . | . . . Potential Cave-ins . | . . . Cave-ins Triggered . | . . . Exploration Rate (%) 37 | 3 32 76 Regions Visited 2 Branch Regions 1 Pre-discovered Areas . | . . . Known Exits Taken . | . . . Unknown Exits Taken 2 | 1 1 . Scrap Searched . | . . . Spaces Dug 2 | . . 2 Terrain Destroyed 14 | . . 14 Melee . | . . . Projectile 14 | . . 14 AOE . | . . . Terrain Rammed . | . . . Walls Destroyed . | . . . Machines Disabled . | . . . Actions | -11 -10 -10 --------- Run | Yrd Mat Sub Total 1243 | 46 203 994 Wait 50 | . 33 17 Move 1062 | 36 147 879 Hop . | . . . Pick Up 26 | 2 3 21 Fast Attach 8 | 6 . 2 Attach 9 | 1 . 8 Detach 2 | . . 2 Swap 6 | . 2 4 Drop 11 | . 2 9 Fire 68 | 1 16 51 Melee . | . . . Ram . | . . . Kick . | . . . Crush . | . . . Escape Stasis . | . . . Rewire . | . . . Trap . | . . . Miscellaneous 1 | . . 1 Route ------- -11/Scrapyard -10/Materials (discovered 2 exits: [*Min] / *Sub) -10/Subcaves (discovered 2 exits: [*Mat x2]) History --------- Turn | Location | Event 2 | -11/Scrapyard | Met Revision 17 6 | -11/Scrapyard | Discovered new exit (range 15) 70 | -11/Scrapyard | Entered Materials 164 | -10/Materials | Discovered new exit (range 6) 310 | -10/Materials | Build established: Mutant 389 | -10/Materials | Discovered new exit (range 6) 415 | -10/Materials | Entered Subcaves 417 | -10/Subcaves | Shifting Twisted Machinery released Sub. Power Source 426 | -10/Subcaves | Shifting Twisted Machinery released Slug Cannon 496 | -10/Subcaves | Discovered new exit (range 13) 1053 | -10/Subcaves | Released subatomizers from SUBCON Basin 1194 | -10/Subcaves | A swath of the cavern ceiling suddenly collapsed 2025 | -10/Subcaves | Core integrity fell below 50% 2097 | -10/Subcaves | Build established: Scavenger-Mutant 2158 | -10/Subcaves | Learned Materials stockpile data 2190 | -10/Subcaves | Discovered new exit (range 10) 2271 | -10/Subcaves | Core integrity fell below 20% 2339 | -10/Subcaves | Destroyed by XU-BUO(R) with Subdweller Machine Gun Last Messages --------------- 02130_ Acquired Sub. Machine Gun. 02144_ Sub. Power Source shoots sparks and powers down. 02144_ Dropped Broken Sub. Power Source. 02158_ Acquired derelict log, extracted data. Data stored: Materials stockpile data. 02173_ Sub. Optics shoots sparks and powers down. 02173_ Dropped Broken Sub. Optics. 02190_ EXIT=FOUND 02224_ Subatomizers dissect the Broken Sub. Optics. 02270_ Triggered Shrapnel Trap. 02270_ An expanding cloud of shrapnel blasts out in all directions. 02270_ Slug Cannon destroyed. 02289_ Acquired 11 matter. 02328_ XI-THN(R) knocked back. 02329_ Acquired 4 matter. 02334_ XU-BUO(R) knocked back. Map ----- +----------------------------------------------------+ | ???????????????##"##??? " ????????????##### | | ???????????????# "#"### " #???????###### # | | ???????????????? """##"" #???????# ^ | | ?????????????????# ##""#????##### | | ?????????????????# # "######""" | | ??????????????????# ##""" ^ | | ??????????????????## ## ^ | | ?????????????????## | | ????????????????## ## ## ^ | | ????????????????# ## #### ###### | | ????????????????# ## ##??# " #????## | | ????????????????## ## #???## #????## | | ????????????????## ### ????## ###?????# | | ????????????????# #?#####????#####???????## | | ????????????????## #???????????????????????# | | ????????????????# ##??????????????????????? | | ????????????????# #??????????????????????? | | ????????????????# #??????????????????????? | | ????????????????## ##??????????????????????? | | ????????????????# #??????????????????????? | | ????????????????## ##??????????????????????? | | ????????????????# #???????????????????????? | | ????????????????# ##??????????????????????? | | ????????????????## #??????????????????????? | | ????????????????# #??????????????????????? | | ???????????????## @#??????????????????????? | | ???????????????# R ##??????????????????????? | | ?????????????###< #??????????????????????? | | ?????????????#<<%R #??????????????????????? | | ???????????# #????????????????????? | | ???????????# #??????????????????? | | ???????????# #< ## " ???????????????? | | ???????????## ## #?# "" ??????????????? | | ???????????? ??# #?? "???????????????? | | ???????????$???## ??? ##??????????????? | | ??????????#?????# # ??? #???????????????? | | ????????????????# # ??? ##???????????????? | | ???????????????? ? ???"##????????????????? | | ????????????????##? ?????????????????????? | | ??????????????????? ?????????????????????? | | ??????????????????? ????????????????????? | | ???????????????????### ????????????????????? | | ????????????????????????????????????????????? | | ????????????????????????????????????????????? | | ????????????????????????????????????????????? | | ????????????????????????????????????????????? | | ????????????????????????????########????????? | | ????????????????????????????#""""""#????????? | | ????????????????????????????#"X""""#????????? | | ????????????????????????????#" & #????????? | +----------------------------------------------------+ Best States ------------- Heat Dissipation 25 Energy Generation 15 Energy Capacity 250 Matter Stores 283 Matter Capacity 300 Sight Range 21 Terrain Scan Range 14 Terrain Scan Density 10 Weapon Shielding 33 Evasion (%) 40 Recoil Reduction 2 Item Schematics ----------------- None Robot Schematics ------------------ None Fabricated ------------ Nothing Repaired ---------- Nothing Studied --------- None Alien Tech Used ----------------- None Achievements -------------- None Challenges ------------ None Game ------ Seed MicrowarpPlexusShield Manual? 0 Play Time 00:15:58 Cumulative 103.8 hours Start 2026.09.08 @ 15:25:26 End 2026.09.08 @ 15:34:54 Sessions 1 Manual Loads 0 Difficulty Rogue Special Mode None Game No. 101 Rogue 101 Adventurer 0 Explorer 0 Win Type - Total 4 Types 2/0/0/1/0/0/0/0/0/1 Lore% 60 Gallery% 54 Achievement% 47 Wizard Run 0 Options --------- Layout 1 ASCII 0 Keyboard 1 Movement Numpad Keybinds 1 Fullscreen 2 Font 24/Smallcaps Map View 50x40 Zoom Use 0% Tactical HUD 1 Map Filters NONE Filters NONE Steam 1 RUN: 601a1b0f-1945-4863-9f18-398092fda8d2